 Dungeon Crawl Stone Soup version 0.30-a0-292-g0f741e3f8e (webtiles) character file.

Game seed: 17390774472077454748

36 slphil the Shooter (level 3, -1/21 HPs)
             Began as a Kobold Hexslinger on Oct 18, 2022.
             Killed from afar by Jessica (14 damage)
             ... with a bolt of dispelling energy
             ... on level 2 of the Dungeon.
             The game lasted 00:01:42 (1199 turns).

slphil the Shooter (Kobold Hexslinger)              Turns: 1199, Time: 00:01:42

Health: -1/21      AC:  3    Str:  7    XL:     3   Next: 57%
Magic:  5/5        EV: 15    Int: 14    God:
Gold:   72         SH:  0    Dex: 17    Spells: 4/5 levels left

rFire   . . .      SeeInvis .    a - +1 sling
rCold   . . .      Faith    .    (no shield)
rNeg    . . .      Spirit   .    c - +0 robe
rPois   .          Reflect  .    (no helmet)
rElec   .          Harm     .    (no cloak)
rCorr   .          Rampage  .    j - +0 pair of gloves
Will    .....                    (no boots)
Stlth   +++.......               (no amulet)
HPRegen 0.23/turn                (no ring)
MPRegen 0.09/turn                (no ring)

@: no status effects
A: small, no large weapons, nightstalker 3
a: no special abilities


You were on level 2 of the Dungeon.
You visited 1 branch of the dungeon, and saw 2 of its levels.

You collected 72 gold pieces.

Inventory:

Hand Weapons
 a - a +1 sling (weapon)
 b - a +2 dagger of draining
 l - a +1 short sword of electrocution
Missiles
 m - 2 throwing nets
Armour
 c - a +0 robe (worn)
 j - a +0 pair of gloves (worn)
Scrolls
 d - a scroll of magic mapping {unknown}
 g - a scroll of amnesia {unknown}
 h - a scroll of butterflies {unknown}
 i - a scroll of silence {unknown}
 k - a scroll of poison
 o - a scroll of noise {unknown}
Potions
 e - a potion of might {unknown}
 f - a potion of curing {unknown}
 n - a potion of flight {unknown}
 p - a potion of lignification {unknown}


   Skills:
 + Level 1.6 Fighting
 * Level 3.5 Ranged Weapons
 + Level 2.8 Dodging
 + Level 1.5 Spellcasting
 + Level 3.2 Hexes


You had 4 spell levels left.
You knew the following spells:

 Your Spells              Type           Power      Damage    Failure   Level
a - Slow                  Hex            40%        N/A       7%          1

Your spell library contained the following spells:

 Spells                   Type           Power      Damage    Failure   Level
 Shock                    Conj/Air       4%         1d3       26%         1
 Inner Flame              Hex/Fire       5%         N/A       36%         3
 Portal Projectile        Hex/Tloc       10%        N/A       36%         3
 Cause Fear               Hex            5%         N/A       54%         4
 Kindle Blastsparks       Fire/Tloc/Air  2%         2d10      58%         3
 Swiftness                Air            1%         N/A       58%         3
 Fulminant Prism          Conj/Hex       2%         3d6       77%         4
 Airstrike                Air            0%         2d(1-17)  94%         4
 Iskenderun's Mystic Bla  Conj/Tloc      1%         2d3       94%         4
 Lee's Rapid Deconstruct  Erth           0%         3d4*      100%        5


Dungeon Overview and Level Annotations

Branches:
Dungeon (2/15)

Altars:

Annotations:
D:1 2 transporters
D:2 Jessica


Innate Abilities, Weirdness & Mutations

You are small and have problems with some larger weapons.
You are completely attuned to the shadows.


Message History

No target in view!
A frilled lizard comes into view.
You shoot a sling bullet.
The sling bullet hits the frilled lizard.
You kill the frilled lizard!
No target in view!
No target in view!
No target in view!
A kobold comes into view. It is wielding a +0 whip.
Found a whip.
You shoot a sling bullet. The sling bullet hits the kobold.
You kill the kobold!
No target in view!
No target in view!
No target in view!
You open the door.
There is an open door here.
A worm comes into view.
A worm is nearby!
You shoot a sling bullet. The sling bullet hits the worm.
The worm is moderately wounded.
You hear a shout!
Jessica the Apprentice Sorceress comes into view.
She is wielding a +0 dagger and carrying a wand of quicksilver (8).
Jessica drinks a potion.
Jessica flickers and vanishes!
Deactivating autopickup; reactivate with Ctrl-A.
You shoot a sling bullet.
The sling bullet barely misses the worm.
You hear some strange, mumbled words.
You shoot a sling bullet. The sling bullet hits the worm.
The worm is moderately wounded.
You hear a zap.
A bolt of dispelling energy appears from out of thin air!
The bolt of dispelling energy hits you!
You shoot a sling bullet. The sling bullet hits the worm.
The worm is moderately wounded.
You hear a zap.
A bolt of dispelling energy appears from out of thin air!
The bolt of dispelling energy hits you!
Ouch! That really hurt!
You die...

........ ..{....
...... ##### #.w...
#...# #@# #...#
##'### #...# ##..).#
#...# ####.....#
###...#####........#
............##.....#
.......#######.....#
......## #......
......# #...).


You could see a worm.

Vanquished Creatures
  4 ball pythons (D:1)
  2 endoplasms (D:1)
  4 hobgoblins
  6 kobolds
  3 quokkas (D:1)
  4 bats (D:1)
  2 frilled lizards
  4 goblins
  4 rats
33 creatures vanquished.

Notes
Turn   | Place    | Note
-------+----------+-------------------------------------------
     0 | D:1      | slphil the Kobold Hexslinger began the quest for the Orb.
     0 | D:1      | Reached XP level 1. HP: 12/12 MP: 2/2
   112 | D:1      | Reached XP level 2. HP: 16/16 MP: 3/3
   333 | D:1      | Reached XP level 3. HP: 20/20 MP: 5/5
   460 | D:1      | Found a transporter.
  1196 | D:2      | Noticed Jessica
  1199 | D:2      | Killed from afar by Jessica

Illustrated notes

Levels and vault maps discovered:
D:1:      spicycebolla_arrival_transporter_tutorial, layout_basic
D:2:      layout_basic, uniq_jessica

Skill      XL: |  1 |
---------------+----+-----
Ranged Weapons | 3 |  3.5
Fighting       | |  1.6
Dodging        | |  2.8
Spellcasting   | |  1.5
Hexes          | |  3.2

Action                   || total
-------------------------++-------
 Fire: Sling             ||    94
Armor: Robe              ||     5
Dodge: Dodged            ||    55

Table legend: (Time is in decaauts)
 A = Elapsed time spent in this place.
 B = Non-inter-level travel time spent in this place.
 C = Inter-level travel time spent in this place.
 D = Time resting spent in this place.
 E = Time spent auto-exploring this place.
 F = Levels seen in this place.
 G = Mean time per level.
                   A        B        C        D        E       F      G
               +--------+--------+--------+--------+--------+-----+--------+
         Total |   1229 |   1147 |     82 |      0 |    967 |   2 |  614.5 |
       Dungeon |   1229 |   1147 |     82 |      0 |    967 |   2 |  614.5 |
               +--------+--------+--------+--------+--------+-----+--------+

Top non-repeatable levels by time:
     D:1: 1142 daAuts
     D:2: 87 daAuts
